 Dungeon Crawl Stone Soup version 0.19.0-11-g3fc08b3 (webtiles) character file.

460 Gravenous the Poker (level 7, -2/54 HPs)
             Began as a Human Abyssal Knight on Nov 9, 2016.
             Was a Believer of Lugonu.
             Slain by an ogre
             ... wielding a +0 giant club
              (9 damage)
             ... on level 4 of the Dungeon.
             The game lasted 00:05:12 (5400 turns).

Gravenous the Poker (Human Abyssal Knight)          Turns: 5400, Time: 00:05:13

Health: -2/54      AC:  6    Str: 14    XL:     7   Next: 28%
Magic:  9/9        EV: 10    Int: 12    God:    Lugonu [**....]
Gold:   121        SH:  0    Dex: 13    Spells: 0 memorised, 6 levels left

rFire  + . .     SeeInvis .     a - +1 spear
rCold  . . .     Gourm    .     d - +1 ring mail
rNeg   . . .     Faith    .     (no shield)
rPois  .         Spirit   .     (no helmet)
rElec  .         Reflect  .     (no cloak)
rCorr  .         Harm     .     (no gloves)
MR     .....                    (no boots)
Stlth  +.........               i - amulet of magic regeneration
                                (no ring)
                                e - ring of protection from fire

@: hasted, very quick
A: no striking features
a: Depart the Abyss, Bend Space, Renounce Religion


You were on level 4 of the Dungeon.
You worshipped Lugonu.
Lugonu was pleased with you.
You were very hungry.

You visited 2 branches of the dungeon, and saw 5 of its levels.
You visited the Abyss 1 time.

You collected 121 gold pieces.

Inventory:

Hand Weapons
 a - a +1 spear (weapon)
Armour
 d - a +1 ring mail (worn)
Jewellery
 b - an uncursed ring of wizardry {unknown}
 e - a ring of protection from fire (left hand)
 i - an amulet of magic regeneration (around neck)
Scrolls
 f - 3 scrolls of remove curse
Potions
 j - a potion of mutation {unknown}
 n - a potion of curing {unknown}
 o - a potion of ambrosia {unknown}
Comestibles
 c - 3 bread rations
 g - a royal jelly


   Skills:
 + Level 4.3 Fighting
 * Level 5.0 Polearms
 + Level 3.6 Armour
 - Level 1.0 Dodging
 + Level 3.7 Invocations


You had 6 spell levels left.
You didn't know any spells.

Dungeon Overview and Level Annotations

Branches:
Dungeon (4/15)             Temple (1/1) D:4

Altars:
Qazlal

Annotations:
D:2 Natasha


Message History

The ogre is heavily wounded.
The ogre hits you with a giant club!
You hit the ogre.
The ogre is heavily wounded.
The ogre hits you with a giant club!
* * * LOW HITPOINT WARNING * * *
You are too injured to fight recklessly!
You are too injured to fight recklessly!
You are too injured to fight recklessly!
You hit the ogre.
The ogre is severely wounded.
You completely miss the ogre.
The ogre is severely wounded.
The ogre hits you with a giant club!
* * * LOW HITPOINT WARNING * * *
Unknown command.
You see here a chain mail.
You see here 19 stones.
You feel yourself speed up. The ogre hits you with a giant club!
You die...

### #.#############.#
#.............#.##
#.###########.#..# #.#
#.#..# #.# #.#..# #.#
#.#..#
####.###########.#..#
..........(....O@..>####
##........######+#+###..
..........#
#......##.########
##........#
#......##.#......#
+.........#
#......##.#.####.#
##.[[.....#
#......##.#.#....#
+..#.######
#......'.<#....#.#
##.#.#
#......##.######.#
##.#.#
#......##.......<#


You could see an ogre.

Vanquished Creatures
  An ogre (D:3)
  A scorpion (D:4)
  2 orc priests
  Jessica (D:2)
  Natasha (twice) (D:2)
  2 worker ants (D:4)
  A hound skeleton (D:4)
  3 gnolls (D:3)
  3 adders
  An adder skeleton (D:4)
  A worm (D:3)
  3 dart slugs
  A leopard gecko (D:4)
  4 orcs
  A ball python (D:1)
  3 giant cockroaches
  8 goblins
  5 hobgoblins
  4 jackals (D:3)
  A quokka (D:3)
  8 bats
  3 frilled lizards
  8 kobolds
  A quokka skeleton (D:4)
  7 rats
75 creatures vanquished.

Notes
Turn   | Place    | Note
-------+----------+-------------------------------------------
     0 | Abyss:1  | Gravenous the Human Abyssal Knight began the quest for the Orb.
     0 | Abyss:1  | Reached XP level 1. HP: 18/18 MP: 2/2
    18 | D:1      | Escaped the Abyss
   348 | D:1      | Reached XP level 2. HP: 24/24 MP: 3/3
   616 | D:1      | Reached XP level 3. HP: 29/29 MP: 4/4
   973 | D:2      | Noticed Jessica
   980 | D:2      | Killed Jessica
   980 | D:2      | Reached skill level 3 in Polearms
   980 | D:2      | Reached XP level 4. HP: 9/35 MP: 5/5
  1285 | D:2      | Reached ** piety under Lugonu
  1987 | D:2      | Noticed Natasha
  2006 | D:2      | Killed Natasha
  2006 | D:2      | Reached XP level 5. HP: 8/41 MP: 5/7
  2296 | D:2      | Noticed Natasha
  2304 | D:2      | Killed Natasha
  2390 | D:2      | Noticed Natasha
  2424 | D:3      | Noticed an ogre
  2442 | D:3      | Killed an ogre
  2442 | D:3      | Reached skill level 4 in Polearms
  2442 | D:3      | Reached XP level 6. HP: 9/48 MP: 8/8
  2854 | D:3      | Found a stormy altar of Qazlal.
  2854 | D:3      | Noticed an air elemental
  2857 | D:3      | Noticed a fire elemental
  2857 | D:3      | Noticed a water elemental
  4160 | D:4      | Found a staircase to the Ecumenical Temple.
  4191 | Temple   | Entered the Ecumenical Temple
  4605 | D:4      | Reached XP level 7. HP: 38/54 MP: 9/9
  5149 | D:4      | Reached skill level 5 in Polearms
  5400 | D:4      | Slain by an ogre

Skill      XL: |  1  2  3  4  5  6  7 |
---------------+----------------------+-----
Polearms       | 3 4 5 |  5.0
Armour         | 3 |  3.6
Invocations    | 3 |  3.7
Fighting       | 4 |  4.3
Dodging        | |  1.0

Action                   |  1- 3 |  4- 6 |  7- 9 || total
-------------------------+-------+-------+-------++-------
Melee: Spear             |    62 |   278 |    75 ||   415
  Use: Scroll            |       |       |     3 ||     3
       Potion            |       |       |     1 ||     1
  Eat: Chunk             |       |    12 |     1 ||    13
Armor: Leather armour    |     1 |       |       ||     1
       Ring mail         |     5 |    68 |     9 ||    82
Dodge: Dodged            |    30 |    87 |    34 ||   151
